 Dungeon Crawl Stone Soup version 0.30-b1-2-g02819fbbbe (webtiles) character file.

Game seed: 16678856454711353617

173 Anon1729 the Trooper (level 5, -6/47 HPs)
             Began as a Minotaur Monk on July 14, 2023.
             Mangled by an ogre
             ... wielding a +0 giant club
              (12 damage)
             ... on level 4 of the Dungeon.
             The game lasted 00:01:22 (2782 turns).

Anon1729 the Trooper (Minotaur Monk)                Turns: 2782, Time: 00:01:22

Health: -6/47      AC:  9    Str: 21    XL:     5   Next: 28%
Magic:  5/5        EV:  9    Int:  7    God:
Gold:   101        SH:  0    Dex: 15    Spells: 4/4 levels left

rFire   . . .        a - +0 short sword
rCold   . . .        d - orb {light}
rNeg    . . .        s - +0 chain mail
rPois   .            (helmet restricted)
rElec   .            (no cloak)
rCorr   .            (no gloves)
SInv    .            r - +0 pair of boots
Will    .....        (no amulet) Stlth
                     e - +6 ring of strength
HPRegen 0.27/turn    (no ring)
MPRegen 0.09/turn

%: no passive effects
@: glowing
A: horns 2, retaliatory headbutt
a: no special abilities


You were on level 4 of the Dungeon.
You visited 1 branch of the dungeon, and saw 4 of its levels.

You collected 101 gold pieces.

Inventory:

Hand Weapons
 a - a +0 short sword (weapon)
Armour
 b - a +0 robe
 d - an orb of light (worn)
 r - a +0 pair of boots (worn)
 s - a +0 chain mail (worn)
Jewellery
 e - a +6 ring of strength (left hand)
Scrolls
 f - a scroll of poison {unknown}
 i - 2 scrolls of enchant weapon {unknown}
 j - a scroll of teleportation {unknown}
 n - a scroll of vulnerability {unknown}
 p - a scroll of amnesia {unknown}
 q - a scroll of magic mapping {unknown}
 t - a scroll of enchant armour {unknown}
 u - a scroll of brand weapon {unknown}
 v - a scroll of torment {unknown}
 w - a scroll of fog {unknown}
Potions
 c - a potion of ambrosia
 g - 3 potions of brilliance {unknown}
 h - 3 potions of haste {unknown}
 k - a potion of flight {unknown}
 l - a potion of attraction {unknown}
 m - 2 potions of curing {unknown}
 o - a potion of berserk rage {unknown}
 x - a potion of heal wounds {unknown}


   Skills:
 + Level 4.3 Fighting
 + Level 4.1 Short Blades
 + Level 2.4 Armour
 + Level 4.0 Dodging
 + Level 1.4 Stealth
 + Level 1.8 Invocations


You had 4 spell levels left.
You didn't know any spells.
Your spell library was empty.

Dungeon Overview and Level Annotations

Branches:
Dungeon (4/15)
 Temple: D:4-7

Altars:
Ashenzari


Innate Abilities, Weirdness & Mutations

You have a pair of horns on your head.
You reflexively headbutt those who attack you in melee.


Message History

Key pressed, stopping explore.
Found 6 poisoned darts.
An ogre comes into view. It is wielding a +0 giant club.
The ogre shouts!
You see here 6 poisoned darts.
You hit the ogre but do no damage. You headbutt the ogre.
The ogre is moderately wounded.
You barely miss the ogre.
The ogre is moderately wounded.
The ogre hits you with a +0 giant club!
You hit the ogre.
The ogre is moderately wounded.
You hit the ogre.
The ogre is heavily wounded.
The ogre hits you with a +0 giant club!!
Ouch! That really hurt!
* * * LOW HITPOINT WARNING * * *
You are too injured to fight recklessly!
You are too injured to fight recklessly!
You are too injured to fight recklessly!
You are too injured to fight recklessly!
You are too injured to fight recklessly!
You are too injured to fight recklessly!
You are too injured to fight recklessly!
You are too injured to fight recklessly!
You are too injured to fight recklessly!
You are too injured to fight recklessly!
You are too injured to fight recklessly!
You are too injured to fight recklessly!
You are too injured to fight recklessly!
You are too injured to fight recklessly!
You are too injured to fight recklessly!
You are too injured to fight recklessly!
You are too injured to fight recklessly!
You are too injured to fight recklessly!
You are too injured to fight recklessly!
You hit the ogre but do no damage.
The ogre is heavily wounded.
The ogre hits you with a +0 giant club!
You die...

### #.# #.# #.#
#.# #.# #.# #.#
#.#
##.##########.#
#.............#
#.#############
#.# #@# #.O.#
#.### #. #


You could see an ogre.

Vanquished Creatures
  A jelly (D:3)
  An iguana (D:4)
  2 adders
  3 worms
  A dart slug (D:1)
  2 orcs (D:4)
  6 endoplasms
  5 giant cockroaches
  5 goblins
  12 hobgoblins
  7 jackals
  8 kobolds
  3 quokkas
  6 ball pythons
  7 bats
  5 frilled lizards
  5 rats
79 creatures vanquished.

Notes
Turn   | Place    | Note
-------+----------+-------------------------------------------
     0 | D:1      | Anon1729 the Minotaur Monk began the quest for the Orb.
     0 | D:1      | Reached XP level 1. HP: 19/19 MP: 0/0
    98 | D:1      | Reached XP level 2. HP: 27/27 MP: 1/1
   117 | D:1      | Reached skill level 1 in Armour
   469 | D:1      | Reached XP level 3. HP: 33/33 MP: 2/2
   992 | D:2      | Reached skill level 1 in Invocations
  1000 | D:2      | Reached skill level 1 in Stealth
  1459 | D:2      | Reached XP level 4. HP: 38/40 MP: 3/3
  2318 | D:3      | Found a broken altar of Ashenzari.
  2322 | D:3      | Saw a vision of the Shoals and the Spider Nest.
  2322 | D:3      | Noticed a merfolk
  2322 | D:3      | Noticed a merfolk siren
  2322 | D:3      | Noticed a sea snake
  2322 | D:3      | Noticed a steelbarb worm
  2322 | D:3      | Noticed a water elemental
  2322 | D:3      | Noticed a redback
  2322 | D:3      | Noticed a torpor snail
  2322 | D:3      | Noticed a merfolk
  2322 | D:3      | Noticed a merfolk
  2322 | D:3      | Noticed a culicivora
  2322 | D:3      | Noticed a skyshark
  2322 | D:3      | Noticed a manticore
  2322 | D:3      | Noticed an emperor scorpion
  2323 | D:3      | Noticed a torpor snail
  2324 | D:3      | Noticed a jumping spider
  2325 | D:3      | Noticed a wolf spider
  2326 | D:3      | Noticed an entropy weaver
  2453 | D:3      | Reached XP level 5. HP: 46/46 MP: 5/5
  2776 | D:4      | Noticed an ogre
  2782 | D:4      | Mangled by an ogre

Illustrated notes

Levels and vault maps discovered:
D:1:      saegor_arrival_miasma, layout_loops_ring, minmay_misc_feat_encased,
          minmay_cut_off
D:2:      minmay_wonky_spiral, layout_basic
D:3:      layout_loops_ring, grunt_ashenzari_visionary
          [grunt_ashenzari_visionary_shoals, grunt_ashenzari_visionary_spider],
          dk_noncrumbling_4
D:4:      kennysheep_kobold_camp, layout_basic, nicolae_nh_oracle_at_delphi

Skill      XL: |  1  2  3  4  5 |
---------------+----------------+-----
Armour         | 1 2 |  2.4
Invocations    | 1 |  1.8
Stealth        | 1 |  1.4
Fighting       | 4 |  4.3
Short Blades   | 4 |  4.1
Dodging        | 4 |  4.0

Action                     |  1- 3 |  4- 6 || total
---------------------------+-------+-------++-------
  Melee: Short sword       |   108 |    88 ||   196
         Headbutt          |    24 |    27 ||    51
 Armour: Robe              |    17 |     2 ||    19
         Chain mail        |       |    17 ||    17
  Dodge: Dodged            |    67 |    28 ||    95
